TOP OF THE 1ST |
---|
San Jose Missions batting - Pitching for Vancouver Vipers : LHP Scott Davis | Pitching: LHP Scott Davis | | Batting: LHB Pedro Ramos | 0-0: Ball 1-0: Ball 2-0: Ball 3-0: Called Strike 3-1: Base on Balls | Batting: LHB Mark Folger | 0-0: Ball 1-0: Called Strike 1-1: Ball 2-1: Fly out, F9 (Flyball, 9S) | Batting: SHB Ángel González | 0-0: Ball Pedro Ramos steals 2nd base 1-0: Ball Pedro Ramos steals 3rd base 2-0: Foul Ball, location: 2F 2-1: Swinging Strike 2-2: Strikes out looking | Batting: RHB Irwin Duncan | 0-0: Foul Ball, location: 2F 0-1: Ball 1-1: Ball 2-1: Foul Ball, location: 2F 2-2: Ball 3-2: Base on Balls | Batting: RHB Raúl Bruno | 0-0: Foul Ball, location: 2F 0-1: Fly out, F9 (Line Drive, 9LM) | Top of the 1st over - 0 runs, 0 hits, 0 errors, 2 left on base; San Jose 0 - Vancouver 0 | BOTTOM OF THE 1ST |
---|
Vancouver Vipers batting - Pitching for San Jose Missions : RHP Tommy Waters | Pitching: RHP Tommy Waters | | Batting: LHB Jorge Martínez | 0-0: Ball 1-0: Called Strike 1-1: Ball 2-1: Ground out 3-1 (Groundball, 34) | Batting: LHB Brian Ford | 0-0: Ground out 4-3 (Groundball, 4) | Batting: RHB Ramón Molina | 0-0: Foul Ball, location: 2F 0-1: Ball 1-1: Called Strike 1-2: Ball 2-2: SINGLE (Flyball, 7S) | Batting: LHB Mike Williams | 0-0: Ball 1-0: Ball 2-0: SINGLE (Line Drive, 7S) Ramón Molina to second | Batting: RHB Marvin Workman | 0-0: Reached on error, E5 (Groundball, 56S) Ramón Molina to third Mike Williams to second | Batting: RHB Salvador Medine | 0-0: Ball 1-0: Swinging Strike 1-1: Foul Ball, location: 2F 1-2: Ball 2-2: DOUBLE (Line Drive, 8LD) Ramón Molina scores Mike Williams scores Marvin Workman to third | Batting: RHB Cooper Richard | 0-0: Ball 1-0: Called Strike 1-1: Called Strike 1-2: Strikes out looking | Bottom of the 1st over - 2 runs, 3 hits, 1 error, 2 left on base; San Jose 0 - Vancouver 2 | TOP OF THE 2ND |
---|
San Jose Missions batting - Pitching for Vancouver Vipers : LHP Scott Davis | Batting: RHB Chase Mueller | 0-0: Called Strike 0-1: Ball 1-1: Fly out, F6 (Line Drive, 6) | Batting: RHB Artie Green | 0-0: Called Strike 0-1: Called Strike 0-2: Strikes out swinging | Batting: RHB Ángel López | 0-0: Called Strike 0-1: Ball 1-1: Ball 2-1: Ball 3-1: Swinging Strike 3-2: Strikes out swinging | Top of the 2nd over - 0 runs, 0 hits, 0 errors, 0 left on base; San Jose 0 - Vancouver 2 | BOTTOM OF THE 2ND |
---|
Vancouver Vipers batting - Pitching for San Jose Missions : RHP Tommy Waters | Batting: RHB Clarence Harrison | 0-0: Ground out 4-3 (Groundball, 4) | Batting: RHB Robert Koremans | 0-0: Swinging Strike 0-1: Ball 1-1: Swinging Strike 1-2: Ball 2-2: Strikes out swinging | Batting: LHB Jorge Martínez | 0-0: Ball 1-0: Ball 2-0: Fly out, F9 (Flyball, 9) | Bottom of the 2nd over - 0 runs, 0 hits, 0 errors, 0 left on base; San Jose 0 - Vancouver 2 | TOP OF THE 3RD |
---|
San Jose Missions batting - Pitching for Vancouver Vipers : LHP Scott Davis | Batting: RHB José Ramos | 0-0: Called Strike 0-1: Ball 1-1: Foul Ball, location: 2F 1-2: Ball 2-2: DOUBLE (Flyball, 8RXD) | Batting: LHB Pedro Ramos | 0-0: Ball 1-0: SINGLE (Line Drive, 8RS) José Ramos to third | Batting: LHB Mark Folger | 0-0: Foul Ball, location: 2F 0-1: Ball 1-1: Called Strike 1-2: Ball 2-2: Ball 3-2: Grounds into double play, 4-6-3 (Groundball, 4) José Ramos scores | Batting: SHB Ángel González | 0-0: Ground out 5-3 (Groundball, 5L) | Top of the 3rd over - 1 run, 2 hits, 0 errors, 0 left on base; San Jose 1 - Vancouver 2 | BOTTOM OF THE 3RD |
---|
Vancouver Vipers batting - Pitching for San Jose Missions : RHP Tommy Waters | Batting: LHB Brian Ford | 0-0: Called Strike 0-1: Ball 1-1: Foul Ball, location: 2F 1-2: Ball 2-2: Foul Ball, location: 2F 2-2: Ball 3-2: Strikes out swinging | Batting: RHB Ramón Molina | 0-0: Called Strike 0-1: Foul Ball, location: 2F 0-2: Ball 1-2: Ball 2-2: SINGLE (Groundball, 4MD) | Batting: LHB Mike Williams | 0-0: Ball 1-0: Called Strike 1-1: SINGLE (Line Drive, 9LS) Ramón Molina to second | Batting: RHB Marvin Workman | 0-0: Ball 1-0: Called Strike 1-1: Swinging Strike 1-2: Foul Ball, location: 2F 1-2: SINGLE (Groundball, 34D) Ramón Molina to third Mike Williams to second | Batting: RHB Salvador Medine | 0-0: Swinging Strike 0-1: Swinging Strike 0-2: Strikes out swinging | Batting: RHB Cooper Richard | 0-0: Called Strike 0-1: GRAND SLAM HOME RUN (Flyball, 7D), Distance : 382 ft | Batting: RHB Clarence Harrison | 0-0: Ball 1-0: SINGLE (Groundball, 3D) | Batting: RHB Robert Koremans | 0-0: Ball 1-0: Ball 2-0: Called Strike 2-1: Fielders Choice at 2nd, 6-4 (Groundball, 6) | Bottom of the 3rd over - 4 runs, 5 hits, 0 errors, 1 left on base; San Jose 1 - Vancouver 6 | TOP OF THE 4TH |
---|
San Jose Missions batting - Pitching for Vancouver Vipers : LHP Scott Davis | Batting: RHB Irwin Duncan | 0-0: Called Strike 0-1: Called Strike 0-2: Strikes out swinging passed ball, reaches first! | Batting: RHB Raúl Bruno | 0-0: Foul Ball, location: 2F 0-1: Foul Ball, location: 2F 0-2: Ball 1-2: Grounds into double play, 4-6-3 (Groundball, 4) | Batting: RHB Chase Mueller | 0-0: Ball 1-0: Foul Ball, location: 2F 1-1: Ball 2-1: TRIPLE (Flyball, 89XD) | Batting: RHB Artie Green | 0-0: Ball 1-0: Fly out, F8 (Flyball, 8LD) | Top of the 4th over - 0 runs, 1 hit, 0 errors, 1 left on base; San Jose 1 - Vancouver 6 | BOTTOM OF THE 4TH |
---|
Vancouver Vipers batting - Pitching for San Jose Missions : RHP Tommy Waters | Batting: LHB Jorge Martínez | 0-0: Swinging Strike 0-1: Swinging Strike 0-2: Strikes out looking | Batting: LHB Brian Ford | 0-0: Foul Ball, location: 2F 0-1: Ball 1-1: Ball 2-1: Called Strike 2-2: Ball 3-2: Foul Ball, location: 2F 3-2: SINGLE (Line Drive, 9S) | Pitching: RHP Mark Bidwell | | Batting: RHB Ramón Molina | 0-0: Foul Ball, location: 2F 0-1: Ball 1-1: Foul Ball, location: 2F 1-2: Strikes out swinging | Batting: LHB Mike Williams | 0-0: Ball Brian Ford steals 2nd base 1-0: Ball 2-0: Ball 3-0: Base on Balls | Batting: RHB Marvin Workman | 0-0: Fly out, F7 (Flyball, 78M) | Bottom of the 4th over - 0 runs, 1 hit, 0 errors, 2 left on base; San Jose 1 - Vancouver 6 | TOP OF THE 5TH |
---|
San Jose Missions batting - Pitching for Vancouver Vipers : LHP Scott Davis | Batting: RHB Ángel López | 0-0: Ball 1-0: Ball 2-0: Called Strike 2-1: Ball 3-1: Foul Ball, location: 2F 3-2: Foul Ball, location: 2F 3-2: Foul Ball, location: 2F 3-2: Strikes out looking | Batting: RHB José Ramos | 0-0: Ball 1-0: Ball 2-0: Called Strike 2-1: Ball 3-1: Called Strike 3-2: Foul Ball, location: 2F 3-2: Foul Ball, location: 2F 3-2: DOUBLE (Flyball, 8LD) | Batting: LHB Pedro Ramos | 0-0: Ground out 6-3 (Groundball, 4M) José Ramos to third | Batting: LHB Mark Folger | 0-0: Swinging Strike 0-1: Ball 1-1: Called Strike 1-2: Foul Ball, location: 2F 1-2: Foul Ball, location: 2F 1-2: Strikes out swinging | Top of the 5th over - 0 runs, 1 hit, 0 errors, 1 left on base; San Jose 1 - Vancouver 6 | BOTTOM OF THE 5TH |
---|
Vancouver Vipers batting - Pitching for San Jose Missions : RHP Mark Bidwell | Batting: RHB Salvador Medine | 0-0: Ball 1-0: Foul Ball, location: 2F 1-1: Ground out 4-3 (Groundball, 4) | Batting: RHB Cooper Richard | 0-0: Ball 1-0: Foul Ball, location: 2F 1-1: DOUBLE (Flyball, 89D) | Pitching: LHP Mario Galván | | Batting: RHB Clarence Harrison | 0-0: Ball 1-0: Ground out 5-3 (Groundball, 56S) Cooper Richard to third | Batting: RHB Robert Koremans | 0-0: Called Strike 0-1: Ball 1-1: Swinging Strike 1-2: Strikes out swinging | Bottom of the 5th over - 0 runs, 1 hit, 0 errors, 1 left on base; San Jose 1 - Vancouver 6 | TOP OF THE 6TH |
---|
San Jose Missions batting - Pitching for Vancouver Vipers : LHP Scott Davis | Batting: SHB Ángel González | 0-0: SINGLE (Groundball, 4MD) | Batting: RHB Irwin Duncan | 0-0: Ball 1-0: Swinging Strike 1-1: Ball 2-1: Foul Ball, location: 2F 2-2: SINGLE (Groundball, 34D) Ángel González to second Runner from 2nd tries for 3rd, SAFE, no throw | Batting: RHB Raúl Bruno | 0-0: Swinging Strike 0-1: Called Strike 0-2: Strikes out looking | Batting: RHB Chase Mueller | 0-0: Ball 1-0: Ball Passed Ball! Ángel González scores Irwin Duncan to second 2-0: Called Strike 2-1: Ball 3-1: Base on Balls | Pitching: RHP Von Hicks | | Batting: RHB Artie Green | 0-0: Swinging Strike 0-1: Ball 1-1: Fly out, F9 (Flyball, 9S) | Batting: RHB Ángel López | 0-0: Swinging Strike 0-1: Ball 1-1: Called Strike 1-2: Strikes out swinging | Top of the 6th over - 1 run, 2 hits, 0 errors, 2 left on base; San Jose 2 - Vancouver 6 | BOTTOM OF THE 6TH |
---|
Vancouver Vipers batting - Pitching for San Jose Missions : LHP Mario Galván | Batting: LHB Jorge Martínez | 0-0: Ball 1-0: Ball 2-0: Ball 3-0: Called Strike 3-1: Ground out U3 (Groundball, 3) | Batting: LHB Brian Ford | 0-0: Fly out, F9 (Flyball, 9LMF) | Batting: RHB Ramón Molina | 0-0: Called Strike 0-1: Foul Ball, location: 2F 0-2: Ball 1-2: SINGLE (Groundball, 6D) | Batting: LHB Mike Williams | 0-0: Ball 1-0: Swinging Strike 1-1: Ground out 4-3 (Groundball, 4M) | Bottom of the 6th over - 0 runs, 1 hit, 0 errors, 1 left on base; San Jose 2 - Vancouver 6 | TOP OF THE 7TH |
---|
San Jose Missions batting - Pitching for Vancouver Vipers : RHP Von Hicks | Batting: RHB José Ramos | 0-0: Ground out 1-3 (Groundball, 13) | Batting: LHB Pedro Ramos | 0-0: Foul Ball, location: 2F 0-1: Ball 1-1: Ball 2-1: Foul Ball, location: 2F 2-2: Ball 3-2: Base on Balls | Batting: LHB Mark Folger | 0-0: SINGLE (Groundball, 4MD) Pedro Ramos to second Runner from 2nd tries for 3rd, SAFE, throw made to third | Batting: SHB Ángel González | 0-0: Swinging Strike 0-1: Called Strike 0-2: Ball 1-2: Strikes out looking | Batting: RHB Irwin Duncan | 0-0: Ball 1-0: SINGLE (Groundball, 6MD) Pedro Ramos scores Mark Folger to second Runner from 2nd tries for 3rd, SAFE, no throw | Batting: RHB Raúl Bruno | 0-0: Ball 1-0: Fielders Choice at 2nd, 6-4 (Groundball, 6) | Top of the 7th over - 1 run, 2 hits, 0 errors, 2 left on base; San Jose 3 - Vancouver 6 | BOTTOM OF THE 7TH |
---|
Vancouver Vipers batting - Pitching for San Jose Missions : LHP Mario Galván | Pitching: RHP Felipe Reyes | | Batting: RHB Marvin Workman | 0-0: Ground out 1-3 (Groundball, 15) | Batting: RHB Salvador Medine | 0-0: Swinging Strike 0-1: Foul Ball, location: 2F 0-2: Ball 1-2: Foul Ball, location: 2F 1-2: Foul Ball, location: 2F 1-2: Ball 2-2: Ball 3-2: Base on Balls | Batting: RHB Cooper Richard | 0-0: 2-RUN HOME RUN (Flyball, 7LD), Distance : 366 ft | Batting: RHB Clarence Harrison | 0-0: Ball 1-0: Foul Ball, location: 2F 1-1: Swinging Strike 1-2: Ball 2-2: Foul Ball, location: 2F 2-2: Ball 3-2: SOLO HOME RUN (Flyball, 7D), Distance : 370 ft | Batting: RHB Robert Koremans | 0-0: Reached on error, E3 (Groundball, 3) | Batting: LHB Jorge Martínez | 0-0: Foul Ball, location: 2F 0-1: Fly out, F9 (Line Drive, 89S) | Batting: LHB Brian Ford | 0-0: Called Strike 0-1: SINGLE (Groundball, 2L) (infield hit) Robert Koremans to second | Batting: RHB Ramón Molina | 0-0: Ball 1-0: Called Strike 1-1: Ground out 1-3 (Groundball, P) | Bottom of the 7th over - 3 runs, 3 hits, 1 error, 2 left on base; San Jose 3 - Vancouver 9 | TOP OF THE 8TH |
---|
San Jose Missions batting - Pitching for Vancouver Vipers : RHP Von Hicks | Batting: RHB Chase Mueller | 0-0: Ball 1-0: Ball 2-0: Ground out 4-3 (Groundball, 4M) | Pitching: RHP José González | | Batting: RHB Artie Green | 0-0: Swinging Strike 0-1: Swinging Strike 0-2: Ball 1-2: Strikes out swinging | Batting: RHB Ángel López | 0-0: Called Strike 0-1: Ball 1-1: Swinging Strike 1-2: Ball 2-2: Strikes out swinging | Top of the 8th over - 0 runs, 0 hits, 0 errors, 0 left on base; San Jose 3 - Vancouver 9 | BOTTOM OF THE 8TH |
---|
Vancouver Vipers batting - Pitching for San Jose Missions : RHP Felipe Reyes | Batting: LHB Mike Williams | 0-0: Ball 1-0: Ball 2-0: Called Strike 2-1: DOUBLE (Line Drive, 9LM) | Batting: RHB Marvin Workman | 0-0: Ball 1-0: Ground out 4-3 (Groundball, 4) Mike Williams to third | Batting: RHB Salvador Medine | 0-0: Called Strike 0-1: Called Strike 0-2: Ball 1-2: Ground out 1-3 (Groundball, 15) | Batting: RHB Cooper Richard | 0-0: Ground out 6-3 (Groundball, 6) | Bottom of the 8th over - 0 runs, 1 hit, 0 errors, 1 left on base; San Jose 3 - Vancouver 9 | TOP OF THE 9TH |
---|
San Jose Missions batting - Pitching for Vancouver Vipers : RHP José González | Now in CF: Nick English | | Batting: RHB José Ramos | 0-0: Foul Ball, location: 2F 0-1: Foul Ball, location: 2F 0-2: Strikes out swinging | Batting: LHB Pedro Ramos | 0-0: Called Strike 0-1: Foul Ball, location: 2F 0-2: Strikes out swinging | Batting: LHB Mark Folger | 0-0: Ball 1-0: DOUBLE (Line Drive, 8RD) | Batting: SHB Ángel González | 0-0: Called Strike 0-1: Foul Ball, location: 2F 0-2: Strikes out swinging | Top of the 9th over - 0 runs, 1 hit, 0 errors, 1 left on base; San Jose 3 - Vancouver 9 | |